 Dungeon Crawl Stone Soup version 0.28.0-47-ge53b351184 (webtiles) character file.

Game seed: 7022257533594887039

5 rilder the Poker (level 1, 0/18 HPs)
             Began as a Human Berserker on May 10, 2022.
             Was a Follower of Trog.
             Constricted to death by a ball python (1 damage)
             ... on level 1 of the Dungeon.
             The game lasted 00:01:06 (152 turns).

rilder the Poker (Human Berserker)                   Turns: 152, Time: 00:01:06

Health: 0/18       AC:  2    Str: 17    XL:     1   Next: 88%
Magic:  1/1        EV:  9    Int:  7    God:    Trog [*.....]
Gold:   21         SH:  0    Dex: 12    Spells: 0/0 levels left

rFire   . . .      SeeInvis .   a - +0 spear
rCold   . . .      Faith    .   (no shield)
rNeg    . . .      Spirit   .   b - +0 animal skin
rPois   .          Reflect  .   (no helmet)
rElec   .          Harm     .   (no cloak)
rCorr   .          Rampage  .   (no gloves)
Will    .....                   (no boots)
Stlth   +.........              (no amulet)
HPRegen 0.06/turn               (no ring)
MPRegen 0.07/turn               (no ring)

@: constricted
A: no striking features
a: Renounce Religion, Berserk


You were on level 1 of the Dungeon.
You worshipped Trog.
Trog was aware of your devotion.
You visited 1 branch of the dungeon, and saw 1 of its levels.

You collected 21 gold pieces.

Inventory:

Hand Weapons
 a - a +0 spear (weapon)
Missiles
 d - 24 arrows
Armour
 b - a +0 animal skin (worn)
Scrolls
 c - 2 scrolls of teleportation {unknown}
Potions
 e - a potion of mutation {unknown}


   Skills:
 + Level 3.1 Fighting
 + Level 3.1 Polearms
 + Level 2.0 Armour
 + Level 2.0 Dodging


You couldn't memorise any spells.
You didn't know any spells.
Your spell library was empty.

Dungeon Overview and Level Annotations

Branches:
Dungeon (1/15)

Altars:


Message History

The ball python constricts you. The ball python barely misses you.
You barely miss the ball python. Your punch misses the ball python.
The ball python barely misses you. The ball python constricts you.
The ball python bites you but does no damage.
You hit the ball python.
The ball python is severely wounded.
The ball python barely misses you. The ball python constricts you.
The ball python bites you. x2; The ball python constricts you.
You hit the ball python but do no damage.
The ball python is severely wounded.
The ball python closely misses you. x2; The ball python constricts you.
You closely miss the ball python.
The ball python is moderately wounded.
The ball python bites you but does no damage.
The ball python barely misses you. The ball python constricts you.
The ball python barely misses you.
You barely miss the ball python.
The ball python is moderately wounded.
The ball python bites you.
* * * LOW HITPOINT WARNING * * *
The ball python constricts you.
* * * LOW HITPOINT WARNING * * *
The ball python bites you.
* * * LOW HITPOINT WARNING * * *
You hit the ball python.
You kill the ball python!
Trog accepts your kill. The ball python closely misses you. x2
The ball python barely misses you. The ball python grabs you.
The ball python constricts you.
* * * LOW HITPOINT WARNING * * *
You hit the ball python.
The ball python is heavily wounded.
The ball python completely misses you. The ball python constricts you.
You barely miss the ball python.
The ball python is heavily wounded.
The ball python bites you.
* * * LOW HITPOINT WARNING * * *
The ball python constricts you.
You die...

..........#
#...##........#....... .
#......#.. ..........
..#......#.### #........
............. #.......#
...........### #........
.............###........
.......S....†.......†...
#.....@)..............#
.......#...............#
.....#+#................
...................#....
#..................#....
........................
. ......................
.....#..........#.....
.....#..........#.....


You could see a ball python.

Vanquished Creatures
  A goblin (D:1)
  A hobgoblin (D:1)
  2 ball pythons (D:1)
  2 rats (D:1)
6 creatures vanquished.

Notes
Turn   | Place    | Note
-------+----------+-------------------------------------------
     0 | D:1      | rilder the Human Berserker began the quest for the Orb.
     0 | D:1      | Reached XP level 1. HP: 18/18 MP: 1/1
   152 | D:1      | Constricted to death by a ball python

Illustrated notes

Levels and vault maps discovered:
D:1:      minmay_arrival_five_plusses, layout_basic,
          chequers_ecumenical_altar_simple_redux

Action                   || total
-------------------------++-------
Melee: Spear             ||    21
Armor: Animal skin       ||     2
Dodge: Dodged            ||    23
